CAL
BAKERSFIELD BLAZE @ STOCKTON PORTS
04/09/2099
 
TOP OF THE 1ST
Bakersfield Blaze batting - Pitching for Stockton Ports : RHP Justin Jacobson
Pitching: RHP Justin Jacobson
Batting: LHB Darren Gatling 0-0: Ball
1-0: Called Strike
1-1: Foul Ball, location: 2F
1-2: Ground out 5-3 (Groundball, 5, EV 85.0 MPH)
Batting: LHB Brett Van Slooten 0-0: Called Strike
0-1: Ball
1-1: Ball
2-1: Called Strike
2-2: Foul Ball, location: 9LMFF
2-2: Foul Ball, location: 2F
2-2: SINGLE (Line Drive, 34, EV 104.4 MPH)
Batting: RHB Jason Sweeney 0-0: Swinging Strike
0-1: Fly out, F9 (Flyball, 89D, EV 105.0 MPH)
Batting: RHB Andy Mason 0-0: Ball
Brett Van Slooten steals 2nd base
1-0: Called Strike
1-1: Ground out 6-3 (Groundball, 6, EV 83.8 MPH)
Top of the 1st over - 0 runs, 1 hit, 0 errors, 1 left on base; Bakersfield 0 - Stockton 0
BOTTOM OF THE 1ST
Stockton Ports batting - Pitching for Bakersfield Blaze : RHP Mike LaCoursiere
Pitching: RHP Mike LaCoursiere
Batting: RHB Bobby Old 0-0: Called Strike
0-1: Foul Ball, location: 5F
0-2: DOUBLE (Line Drive, 8LXD, EV 105.6 MPH)
Batting: RHB Eddie Siegal 0-0: Called Strike
0-1: Foul Ball, location: 2F
0-2: Ball
1-2: Foul Ball, location: 9LSF
1-2: SINGLE (Groundball, P, EV 83.8 MPH) (infield hit)
Bobby Old to third
Batting: RHB Chris Martens 0-0: Swinging Strike
0-1: SINGLE (Line Drive, 4D, EV 98.8 MPH)
Bobby Old scores
Eddie Siegal to second
Batting: RHB Gordie Spencer 0-0: Ball
1-0: Ball
2-0: SINGLE (Flyball, 6D, EV 90.0 MPH)
Eddie Siegal to third
Chris Martens to second
Batting: RHB Vince Kallman 0-0: Ball
1-0: Foul Ball, location: 5F
1-1: Ball
2-1: Fly out, F9 (Flyball, 89D, EV 88.8 MPH)
Runner from 3rd tags up, SCORES, throw by RF
Chris Martens to third
Batting: LHB Willie Taylor 0-0: Ball
1-0: SINGLE (Line Drive, 8RS, EV 94.4 MPH)
Chris Martens scores
Gordie Spencer to second
Batting: RHB Marco Ramirez 0-0: Ball
1-0: Fly out, F8 (Flyball, 8RD, EV 80.0 MPH)
Batting: RHB Hector Ortiz 0-0: Called Strike
0-1: Foul Ball, location: 2F
0-2: Foul Ball, location: 23F
0-2: Ball
1-2: Fielders Choice at 2nd, 5-4 (Groundball, 56, EV 82.5 MPH)
Bottom of the 1st over - 3 runs, 5 hits, 0 errors, 2 left on base; Bakersfield 0 - Stockton 3
TOP OF THE 2ND
Bakersfield Blaze batting - Pitching for Stockton Ports : RHP Justin Jacobson
Batting: LHB Jim Passerini 0-0: Called Strike
0-1: Foul Ball, location: 7LSF
0-2: Ground out 4-3 (Groundball, 34, EV 66.9 MPH)
Batting: RHB Keith Burchfield 0-0: Called Strike
0-1: Ball
1-1: Foul Ball, location: 3F
1-2: Strikes out swinging
Batting: RHB Victor Garcia 0-0: Ball
1-0: Ball
2-0: Ball
3-0: Called Strike
3-1: Called Strike
3-2: Fly out, F8 (Flyball, 8LM, EV 100.0 MPH)
Top of the 2nd over - 0 runs, 0 hits, 0 errors, 0 left on base; Bakersfield 0 - Stockton 3
BOTTOM OF THE 2ND
Stockton Ports batting - Pitching for Bakersfield Blaze : RHP Mike LaCoursiere
Batting: RHB Danny Alarcon 0-0: Called Strike
0-1: Ball
1-1: Called Strike
1-2: Strikes out swinging
Batting: RHB Bobby Old 0-0: Called Strike
0-1: Ground out 6-3 (Groundball, 56, EV 106.9 MPH)
Batting: RHB Eddie Siegal 0-0: Ball
1-0: Ball
2-0: Called Strike
2-1: Ball
3-1: Ground out 1-3 (Groundball, 15S, EV 66.3 MPH)
Bottom of the 2nd over - 0 runs, 0 hits, 0 errors, 0 left on base; Bakersfield 0 - Stockton 3
TOP OF THE 3RD
Bakersfield Blaze batting - Pitching for Stockton Ports : RHP Justin Jacobson
Batting: RHB Jim Hughes 0-0: Ground out 6-3 (Groundball, 6, EV 88.1 MPH)
Batting: LHB Tobias Hernandez 0-0: Ground out 6-3 (Groundball, 6M, EV 100.6 MPH)
Batting: LHB Darren Gatling 0-0: Ball
1-0: Ball
2-0: Fly out, F7 (Flyball, 78S, EV 76.3 MPH)
Top of the 3rd over - 0 runs, 0 hits, 0 errors, 0 left on base; Bakersfield 0 - Stockton 3
BOTTOM OF THE 3RD
Stockton Ports batting - Pitching for Bakersfield Blaze : RHP Mike LaCoursiere
Batting: RHB Chris Martens 0-0: Ball
1-0: Foul Ball, location: 3SF
1-1: Fly out, F7 (Flyball, 7LM, EV 91.3 MPH)
Batting: RHB Gordie Spencer 0-0: Ball
1-0: Fly out, F8 (Line Drive, 8LD, EV 85.0 MPH)
Batting: RHB Vince Kallman 0-0: SINGLE (Line Drive, 6D, EV 98.8 MPH)
Batting: LHB Willie Taylor 0-0: SINGLE (Line Drive, 6D, EV 97.5 MPH)
Vince Kallman to second
Batting: RHB Marco Ramirez 0-0: Called Strike
0-1: Ball
1-1: Fielders Choice at 2nd, 6-4 (Groundball, 56, EV 95.0 MPH)
Bottom of the 3rd over - 0 runs, 2 hits, 0 errors, 2 left on base; Bakersfield 0 - Stockton 3
TOP OF THE 4TH
Bakersfield Blaze batting - Pitching for Stockton Ports : RHP Justin Jacobson
Batting: LHB Brett Van Slooten 0-0: Ball
1-0: Ball
2-0: Swinging Strike
2-1: Foul Ball, location: 9LMFF
2-2: Foul Ball, location: 5FF
2-2: Ball
3-2: Foul Ball, location: 5DF
3-2: DOUBLE (Line Drive, 8LXD, EV 100.0 MPH)
Batting: RHB Jason Sweeney 0-0: Ball
1-0: Foul Ball, location: 2F
1-1: Ball
2-1: Swinging Strike
2-2: Ball
3-2: Foul Ball, location: 2F
3-2: Ground out 2-3 (Groundball, 2R, EV 71.3 MPH)
Batting: RHB Andy Mason 0-0: Foul Ball, location: 3DF
0-1: Ball
1-1: Swinging Strike
1-2: Strikes out swinging
Batting: LHB Jim Passerini 0-0: Called Strike
0-1: Ball
1-1: Ball
2-1: Foul Ball, location: 2F
2-2: Foul Ball, location: 7LDF
2-2: Ground out 4-3 (Groundball, 4, EV 89.4 MPH)
Top of the 4th over - 0 runs, 1 hit, 0 errors, 1 left on base; Bakersfield 0 - Stockton 3
BOTTOM OF THE 4TH
Stockton Ports batting - Pitching for Bakersfield Blaze : RHP Mike LaCoursiere
Batting: RHB Hector Ortiz 0-0: Ball
1-0: Ball
2-0: Called Strike
2-1: Ball
3-1: SINGLE (Groundball, 6M, EV 88.1 MPH) (infield hit)
Batting: RHB Danny Alarcon 0-0: Foul Ball, location: 9LSF
0-1: Swinging Strike
0-2: Strikes out looking
Batting: RHB Bobby Old 0-0: Ground out 5-3 (Groundball, 56S, EV 81.9 MPH)
Hector Ortiz to second
Batting: RHB Eddie Siegal 0-0: Swinging Strike
0-1: Called Strike
0-2: Strikes out swinging
Bottom of the 4th over - 0 runs, 1 hit, 0 errors, 1 left on base; Bakersfield 0 - Stockton 3
TOP OF THE 5TH
Bakersfield Blaze batting - Pitching for Stockton Ports : RHP Justin Jacobson
Batting: RHB Keith Burchfield 0-0: Fly out, F3 (Line Drive, 3, EV 68.8 MPH)
Batting: RHB Victor Garcia 0-0: Ball
1-0: Ground out 6-3 (Groundball, 6, EV 84.4 MPH)
Batting: RHB Jim Hughes 0-0: Swinging Strike
0-1: Called Strike
0-2: Ball
1-2: Strikes out swinging
Top of the 5th over - 0 runs, 0 hits, 0 errors, 0 left on base; Bakersfield 0 - Stockton 3
BOTTOM OF THE 5TH
Stockton Ports batting - Pitching for Bakersfield Blaze : RHP Mike LaCoursiere
Batting: RHB Chris Martens 0-0: Ball
1-0: Called Strike
1-1: Swinging Strike
1-2: Foul Ball, location: 2F
1-2: Ball
2-2: Strikes out swinging
Batting: RHB Gordie Spencer 0-0: Called Strike
0-1: Ball
1-1: Ball
2-1: Fly out, F7 (Flyball, 78M, EV 91.9 MPH)
Batting: RHB Vince Kallman 0-0: Foul Ball, location: 9LMF
0-1: Ball
1-1: Ball
2-1: Ball
3-1: Base on Balls
Batting: LHB Willie Taylor 0-0: Ball
1-0: Swinging Strike
1-1: Ball
2-1: Foul Ball, location: 7LSF
2-2: Ball
3-2: Strikes out swinging
Bottom of the 5th over - 0 runs, 0 hits, 0 errors, 1 left on base; Bakersfield 0 - Stockton 3
TOP OF THE 6TH
Bakersfield Blaze batting - Pitching for Stockton Ports : RHP Justin Jacobson
Batting: LHB Tobias Hernandez 0-0: Foul Ball, location: 3DF
0-1: Called Strike
0-2: Ball
1-2: Strikes out swinging
Batting: LHB Darren Gatling 0-0: Ball
1-0: Foul Ball, location: 2F
1-1: Ball
2-1: Called Strike
2-2: Foul Ball, location: 2F
2-2: Ball
3-2: Strikes out swinging
Batting: LHB Brett Van Slooten 0-0: Ball
1-0: Ground out 5-3 (Groundball, 5, EV 85.0 MPH)
Top of the 6th over - 0 runs, 0 hits, 0 errors, 0 left on base; Bakersfield 0 - Stockton 3
BOTTOM OF THE 6TH
Stockton Ports batting - Pitching for Bakersfield Blaze : RHP Mike LaCoursiere
Batting: RHB Marco Ramirez 0-0: Ball
1-0: Swinging Strike
1-1: Ball
2-1: Ball
3-1: Foul Ball, location: 9LMF
3-2: Base on Balls
Batting: RHB Hector Ortiz 0-0: Swinging Strike
0-1: Called Strike
Marco Ramirez steals 2nd base
0-2: SINGLE (Flyball, 78S, EV 94.4 MPH)
Marco Ramirez to third
Batting: RHB Danny Alarcon 0-0: Foul Ball, location: 3F
0-1: Swinging Strike
0-2: Fly out, F7 (Line Drive, 7, EV 87.5 MPH)
Batting: RHB Bobby Old 0-0: Ball
1-0: Fly out, F8 (Line Drive, 8LM, EV 106.3 MPH)
Runner from 3rd tags up, SCORES, throw by CF
Pitching: RHP Jose Moran
Batting: RHB Eddie Siegal 0-0: Called Strike
0-1: Ball
1-1: Called Strike
1-2: SINGLE (Groundball, 4MD, EV 104.4 MPH)
Hector Ortiz to second
Runner from 2nd tries for 3rd, SAFE, throw by CF made to third
Batting: RHB Chris Martens 0-0: Fly out, F8 (Flyball, 8RXD, EV 108.8 MPH)
Bottom of the 6th over - 1 run, 2 hits, 0 errors, 2 left on base; Bakersfield 0 - Stockton 4
TOP OF THE 7TH
Bakersfield Blaze batting - Pitching for Stockton Ports : RHP Justin Jacobson
Batting: RHB Jason Sweeney 0-0: Ball
1-0: Called Strike
1-1: Ball
2-1: Foul Ball, location: 9LSFF
2-2: Ball
3-2: Foul Ball, location: 7LSF
3-2: Foul Ball, location: 2RF
3-2: Base on Balls
Batting: RHB Andy Mason 0-0: Called Strike
0-1: Ball
1-1: Swinging Strike
1-2: Ball
2-2: Ball
3-2: SINGLE (Line Drive, 3D, EV 94.4 MPH)
Jason Sweeney to second
Pitching: RHP Danny Hudson
Batting: LHB Jim Passerini 0-0: Swinging Strike
0-1: Swinging Strike
0-2: Ball
1-2: Strikes out swinging
Batting: RHB Keith Burchfield 0-0: Called Strike
0-1: Foul Ball, location: 2F
0-2: Ball
1-2: Strikes out looking
Batting: LHB Bryan Mahoney 0-0: Fly out, F7 (Flyball, 7LSF, EV 86.3 MPH)
Top of the 7th over - 0 runs, 1 hit, 0 errors, 2 left on base; Bakersfield 0 - Stockton 4
BOTTOM OF THE 7TH
Stockton Ports batting - Pitching for Bakersfield Blaze : RHP Jose Moran
Batting: RHB Gordie Spencer 0-0: Called Strike
0-1: Ball
1-1: Called Strike
1-2: Ball
2-2: Ball
3-2: Base on Balls
Batting: RHB Vince Kallman 0-0: Ball
1-0: Foul Ball, location: 2F
1-1: Ball
2-1: Ball
3-1: Fly out, F8 (Flyball, 8LD, EV 88.8 MPH)
Batting: LHB Willie Taylor 0-0: Fly out, F8 (Flyball, 8RXD, EV 82.5 MPH)
Batting: RHB Marco Ramirez 0-0: Ball
Gordie Spencer steals 2nd base
1-0: SINGLE (Groundball, 56D, EV 101.3 MPH)
Gordie Spencer to third
Runner from 3rd tries for Home, SAFE, throw by LF to home
Batting: RHB Hector Ortiz 0-0: Swinging Strike
0-1: Ball
1-1: Called Strike
1-2: Foul Ball, location: 2F
1-2: Ball
2-2: Ball
3-2: Foul Ball, location: 9LMF
3-2: Base on Balls
Marco Ramirez to second
Batting: RHB Danny Alarcon 0-0: Called Strike
0-1: Ball
1-1: Foul Ball, location: 2F
1-2: Strikes out swinging
Bottom of the 7th over - 1 run, 1 hit, 0 errors, 2 left on base; Bakersfield 0 - Stockton 5
TOP OF THE 8TH
Bakersfield Blaze batting - Pitching for Stockton Ports : RHP Danny Hudson
Pinch Hitting: SHB Mickey Montierth 0-0: Ball
1-0: Called Strike
1-1: Ball
2-1: Ball
3-1: Ground out 1-3 (Groundball, P, EV 70.0 MPH)
Batting: LHB Tobias Hernandez 0-0: Called Strike
0-1: Swinging Strike
0-2: Ball
1-2: Fly out, F6 (Popup, 6M, EV 50.6 MPH)
Batting: LHB Darren Gatling 0-0: Ball
1-0: Ball
2-0: Ground out 4-3 (Groundball, 4, EV 100.6 MPH)
Top of the 8th over - 0 runs, 0 hits, 0 errors, 0 left on base; Bakersfield 0 - Stockton 5
BOTTOM OF THE 8TH
Stockton Ports batting - Pitching for Bakersfield Blaze : RHP Jose Moran
Now at 3B: Carlos Pagan
Batting: RHB Bobby Old 0-0: Ball
1-0: Foul Ball, location: 2F
1-1: Ball
2-1: Ball
3-1: Base on Balls
Batting: RHB Eddie Siegal 0-0: Swinging Strike
0-1: Fly out, F7 (Line Drive, 7LM, EV 88.8 MPH)
Lined into DP, 7-3 (Line Drive, 7LM, EV 88.8 MPH)
Batting: RHB Chris Martens 0-0: Fly out, F4 (Popup, 23, EV 79.4 MPH)
Bottom of the 8th over - 0 runs, 0 hits, 0 errors, 0 left on base; Bakersfield 0 - Stockton 5
TOP OF THE 9TH
Bakersfield Blaze batting - Pitching for Stockton Ports : RHP Danny Hudson
Batting: LHB Brett Van Slooten 0-0: Ball
1-0: Ball
2-0: Swinging Strike
2-1: Foul Ball, location: 2F
2-2: Ball
3-2: SINGLE (Line Drive, 8RS, EV 106.9 MPH)
Batting: RHB Jason Sweeney 0-0: Called Strike
0-1: Ball
1-1: Foul Ball, location: 3DF
1-2: Ball
2-2: Ball
3-2: Base on Balls
Brett Van Slooten to second
Batting: RHB Andy Mason 0-0: Foul Ball, location: 3F
0-1: Swinging Strike
0-2: Grounds into double play, 5-4-3 (Groundball, 56, EV 85.0 MPH)
Brett Van Slooten to third
Batting: LHB Jim Passerini 0-0: Called Strike
0-1: Called Strike
0-2: Ball
1-2: Ball
2-2: Ball
3-2: Base on Balls
Batting: RHB Keith Burchfield 0-0: Called Strike
0-1: DOUBLE (Flyball, 78D, EV 93.1 MPH)
Brett Van Slooten scores
Jim Passerini to third
Batting: LHB Bryan Mahoney 0-0: Ball
1-0: Foul Ball, location: 2F
1-1: Ball
2-1: Fly out, F8 (Flyball, 8RD, EV 93.1 MPH)
Top of the 9th over - 1 run, 2 hits, 0 errors, 2 left on base; Bakersfield 1 - Stockton 5
Friday, May 3rd , 2024 - OOTP Baseball 24.11 Build 85